[Event "Live Chess"]
[Site "Chess.com"]
[Date "2023.05.21"]
[Round "-"]
[White "AttackingSnowLeopard"]
[Black "horsechessnut"]
[Result "1-0"]
[WhiteElo "2201"]
[BlackElo "1471"]
[TimeControl "300"]
[EndTime "1:04:14 PDT"]
[Termination "AttackingSnowLeopard won by resignation"]

1. Nf3 d5 2. e3 Nc6 3. c4 e6 4. b3 Be7 5. Bb2 Nf6 6. Be2 h6 7. O-O b6 8. d4 Bb7 9. Nc3 O-O 10. Rc1 Bd6 11. Nb5 Be7 12. Ne5 a6 13. Nxc6 Bxc6 14. Nc3 Bb7 15. Bf3 c6 16. Qd3 Bd6 17. e4 dxe4 18. Nxe4 Bf4 19. Nxf6+ Qxf6 20. Rcd1 Bc7 21. Qe2 Qh4 22. g3 Qe7 23. d5 cxd5 24. cxd5 e5 25.
Bg2 Bd6 26. f4 f6 27. Kh1 Rae8 28. fxe5 fxe5 29. Be4 Rxf1+ 30. Rxf1 Rf8 31. Rxf8+ Qxf8 32. Kg2 Qf7 33. Qg4 Qf8 34. Qg6 Qf7 35. Qxd6 Qe8 36.
Qxe5 Qxe5 37. Bxe5 Bc8 38. d6 Bd7 39. Bd5+ Kf8 40.
Kf3 b5 41. Ke4 Ke8 42. Kd4 Kd8 43. Kc5 Kc8 44. Bc6 Bf5 45. Bxg7 Bb1 46. d7+ Kd8 47. Bf6+ 1-0

[Event "Live Chess"]
[Site "Chess.com"]
[Date "2023.05.21"]
[Round "-"]
[White "Denz14"]
[Black "Ferrarifan27"]
[Result "0-1"]
[WhiteElo "1036"]
[BlackElo "2074"]
[TimeControl "300"]
[EndTime "1:04:27 PDT"]
[Termination "Ferrarifan27 won by resignation"]

1. e4 e5 2. Nf3 Nc6 3. d4 exd4 4. Nxd4 Qh4 5. Nxc6 Qxe4+ 6. Qe2 Qxe2+ 7. Bxe2 dxc6 8. O-O Bf5 9. c3 O-O-O 10. Nd2 Nf6 11. h3 Bd6 12. Nc4 Rhe8 13. Nxd6+ cxd6 14. Bc4 d5 15. Bb3 Bd3 16. Rd1 Be2 17. Re1 Bc4 18.
Rxe8 Rxe8 19. Bg5 Bxb3 20. axb3 a6 21. Kf1 Ne4 22. Be3 Kc7 23. c4 Rd8 24. Rd1 c5 25. Rxd5 Rxd5 26. cxd5 Kd6 27. f3 Nf6 28. Bf4+ Kxd5 29.
Ke2 b5 30. Kd3 Nd7 31. g4 g6 32. h4 Ne5+ 33. Ke3 c4 34. bxc4+ Nxc4+ 35. Kd3 Nxb2+ 0-1

[Event "Live Chess"]
[Site "Chess.com"]
[Date "2023.05.21"]
[Round "-"]
[White "ProfPoisson"]
[Black "blunderabit"]
[Result "0-1"]
[WhiteElo "1186"]
[BlackElo "1819"]
[TimeControl "300"]
[EndTime "1:04:36 PDT"]
[Termination "blunderabit won by resignation"]

1. e4 e5 2. Nf3 Nc6 3. d4 exd4 4.
Bc4 Nf6 5. e5 d5 6. Bb5 Ne4 7.
Nxd4 Bd7 8. Bxc6 bxc6 9. O-O Bc5 10. f3 Ng5 11. Be3 Ne6 12. f4 Nxd4 13. Bxd4 Qe7 14. Bxc5 Qxc5+ 15. Kh1 Bf5 16. c3 h5 17. Nd2 h4 18. Nb3 Qe7 19. Nd4 Qd7 20. Qa4 Be4 21.
Qxc6 Qxc6 22. Nxc6 h3 23. Rf2 hxg2+ 24. Kg1 Kd7 25.
Nb4 a5 26. Nxd5 Bxd5 27. Rd1 Kc6 28. Rfd2 Bxa2 29. Kxg2 Bb3 30. Re1 Rhd8 31. Rde2 Rd1 32. Rxd1 Bxd1 33. Re1 Bb3 34. Re3 Rd8 35. Kg3 Rd2 36. f5 Bc4 37. h4 Rd3 38. Rxd3 Bxd3 39. Kg4 Kd5 40. Kf4 Be2 41. f6 gxf6 42. exf6 Ke6 43.
Kg5 a4 44. h5 Bxh5 45. Kxh5 Kxf6 46. Kg4 Ke5 47. Kf3 Kd5 48. Ke3 Kc4 49. Ke4 Kb3 50. Kd3 Kxb2 0-1

[Event "Live Chess"]
[Site "Chess.com"]
[Date "2023.05.21"]
[Round "-"]
[White "SiDebanks"]
[Black "MarkLim1"]
[Result "0-1"]
[WhiteElo "1340"]
[BlackElo "1695"]
[TimeControl "300"]
[EndTime "1:04:39 PDT"]
[Termination "MarkLim1 won by resignation"]

1. d4 Nf6 2. Nc3 d5 3. Bf4 e6 4. e3 Bb4 5. Bd3 c5 6. dxc5 Bxc3+ 7. bxc3 Qa5 8. Qd2 Qxc5 9. Ne2 O-O 10. O-O Bd7 11.
Rfb1 Bc6 12. a4 Nbd7 13. Bb5 a6 14. Bxc6 bxc6 15. Rb7 e5 16. Bg3 Ne4 17. Qe1 Nxg3 18.
Nxg3 Nf6 19. Rab1 Ra7 20. R1b3 Rxb7 21. Rxb7 Ne8 22. Ne2 Nd6 23. Rc7 Rc8 24. Rxc8+ Nxc8 25. Qb1 Qb6 26. Qa2 Kf8 27. h3 Ke7 28. Qa3+ Nd6 29.
Ng3 Ke6 30. e4 Qb1+ 31. Kh2 Qxc2 32. exd5+ cxd5 33. Qb4 Qxf2 34. Qb6 0-1

[Event "Live Chess"]
[Site "Chess.com"]
[Date "2023.05.21"]
[Round "-"]
[White "LiamClery2020"]
[Black "Missedidea"]
[Result "1-0"]
[WhiteElo "2024"]
[BlackElo "1837"]
[TimeControl "300"]
[EndTime "1:04:41 PDT"]
[Termination "LiamClery2020 won by resignation"]

1. e4 c5 2. Nf3 d6 3. Bb5+ Bd7 4. Bxd7+ Qxd7 5. O-O Nc6 6. Re1 e5 7. c3 Nf6 8. d4 O-O-O 9. dxe5 dxe5 10. Qxd7+ Rxd7 11. Be3 h6 12. Nbd2 g5 13. Nc4 Ng4 14. h3 Nxe3 15.
fxe3 f6 16. Rad1 b5 17. Na3 a6 18. Rd5 Be7 19. Red1 Rhd8 20. c4 b4 21. Nc2 Na5 22.
b3 Nb7 23. g4 Nd6 24. Rxc5+ Kb7 25. Rcd5 Kc6 26. Nxb4+ Kb7 27. c5 a5 28. c6+ Kc7 29. cxd7 Rxd7 30. Na6+ Kb6 31. Nc5 Kc6 32. Nxd7 Kxd7 33.
Nd2 1-0

[Event "Live Chess"]
[Site "Chess.com"]
[Date "2023.05.21"]
[Round "-"]
[White "Salpingidis"]
[Black "Ocelot32"]
[Result "1-0"]
[WhiteElo "2221"]
[BlackElo "1385"]
[TimeControl "300"]
[EndTime "1:04:43 PDT"]
[Termination "Salpingidis won by resignation"]

1. d4 d5 2. c4 dxc4 3. Nc3 a6 4. a4 Nf6 5. e3 Bf5 6. Bxc4 e6 7. Nf3 Bd6 8. O-O O-O 9. Qe2 Nbd7 10. e4 Bg6 11. e5 Nxe5 12. dxe5 1-0

[Event "Live Chess"]
[Site "Chess.com"]
[Date "2023.05.21"]
[Round "-"]
[White "Doge_Dandolo"]
[Black "defenderalist"]
[Result "0-1"]
[WhiteElo "1884"]
[BlackElo "1639"]
[TimeControl "300"]
[EndTime "1:04:54 PDT"]
[Termination "defenderalist won by checkmate"]

1. Nf3 e6 2. c4 d5 3. g3 Nf6 4.
Bg2 Be7 5. d4 O-O 6. O-O b6 7.
Qc2 Bb7 8. Ne5 Nbd7 9. f4 Rb8 10. Nd2 c5 11. Ndf3 cxd4 12. Nxd7 Qxd7 13. Nxd4 dxc4 14. Bxb7 Rxb7 15. e3 Bc5 16. Rd1 Bxd4 17. Rxd4 Qe7 18. Rxc4 Nd5 19. e4 Nf6 20. Be3 Rd7 21. Rc1 h6 22. Kf1 Rfd8 23. Ke2 Ng4 24. Rc7 Nxe3 25. Kxe3 Qd6 26. Rxd7 Rxd7 27. Qc3 Kh7 28. Qc2 Kg8 29. Qc3 Kh7 30. Rc2 g5 31. fxg5 hxg5 32. h4 Qxg3+ 33.
Ke2 Qxh4 34. e5 Qe4+ 35. Kf2 Qf4+ 36. Kg2 Kg6 37. Rf2 Qg4+ 38. Kh2 Qh4+ 39. Kg2 Qg4+ 40. Kh2 Rd1 41. Qc2+ Kg7 42. Rg2 Qh4# 0-1

[Event "Live Chess"]
[Site "Chess.com"]
[Date "2023.05.21"]
[Round "-"]
[White "EdenHazard8"]
[Black "wadsy27"]
[Result "0-1"]
[WhiteElo "1952"]
[BlackElo "2573"]
[TimeControl "300"]
[EndTime "1:04:59 PDT"]
[Termination "wadsy27 won by resignation"]

1. e4 e6 2. d4 d5 3. exd5 exd5 4. Nf3 Nc6 5. c3 Bd6 6. Bd3 Nge7 7. h3 Bf5 8. O-O Qd7 9. Re1 O-O-O 10. Ne5 Bxe5 11. dxe5 Bxd3 12. Qxd3 h6 13. Nd2 g5 14. Nf3 Ng6 15. Nd4 Ngxe5 16. Qg3 Nxd4 17. cxd4 Ng6 18. Bd2 Rhe8 19. Rac1 Rxe1+ 20. Bxe1 Re8 21. Bb4 Nf4 0-1

[Event "Live Chess"]
[Site "Chess.com"]
[Date "2023.05.21"]
[Round "-"]
[White "martynstanley"]
[Black "Duke_of_Bebington"]
[Result "0-1"]
[WhiteElo "1016"]
[BlackElo "1583"]
[TimeControl "300"]
[EndTime "1:05:15 PDT"]
[Termination "Duke_of_Bebington won by checkmate"]

1. d4 d5 2. e3 Nf6 3. Bd3 Bd7 4. c3 c5 5. f4 e6 6. Nf3 Nc6 7. O-O h6 8. Ne5 Be7 9. Rf3 O-O 10. Rh3 Nh7 11.
Qe2 cxd4 12. exd4 Nxe5 13. fxe5 f6 14. Bxh6 gxh6 15. Qg4+ Kh8 16. Rxh6 Rf7 17. Bxh7 Rxh7 18. Rg6 Qf8 19. Nd2 fxe5 20. dxe5 Bc5+ 21. Kh1 Qf7 22.
h3 Rg8 23. Rxg8+ Qxg8 24. Qxg8+ Kxg8 25. Kh2 Be3 26. Nf3 Be8 27. Re1 Bf4+ 28. g3 Bh6 29. h4 Bh5 30. Nd4 Bg4 31. Nxe6 Bxe6 32. Kg2 Rf7 33.
Rf1 Rxf1 34. Kxf1 Bg4 35. Ke1 Kf7 36. b3 Ke6 37. c4 dxc4 38. bxc4 Kxe5 39. a4 Kd4 40. c5 Kxc5 41. a5 Kb5 42. Kf2 Kxa5 43.
Kg2 b5 44. Kh2 b4 45. Kg1 b3 46. Kf2 b2 47. Kg2 b1=Q 48. Kf2 Qc2+ 49. Ke1 Qe2# 0-1

[Event "Live Chess"]
[Site "Chess.com"]
[Date "2023.05.21"]
[Round "-"]
[White "f4nomore"]
[Black "mattihelenius2"]
[Result "1-0"]
[WhiteElo "1405"]
[BlackElo "492"]
[TimeControl "300"]
[EndTime "1:05:15 PDT"]
[Termination "f4nomore won by resignation"]

1. d4 Nc6 2. c3 Nf6 3. Bg5 d5 4. Bxf6 exf6 5. Nf3 Bg4 6. e3 Bf5 7. Bd3 Bxd3 8. Qxd3 Qe7 9. O-O g6 10. Nbd2 Bh6 11.
Nb3 O-O 12. Nc5 b6 13. Na6 Rad8 14. c4 dxc4 15. Qxc4 Na5 16. Qxc7 Rd7 17. Qg3 Nc4 18. b3 Nd2 19. Nxd2 b5 20. Nc5 Rd5 21. Qf3 f5 22.
Qxd5 Rd8 23. Qf3 Qg5 24. Rac1 Rd5 25. Qxd5 1-0

[Event "Live Chess"]
[Site "Chess.com"]
[Date "2023.05.21"]
[Round "-"]
[White "raimundklein"]
[Black "friarnator"]
[Result "0-1"]
[WhiteElo "1738"]
[BlackElo "1994"]
[TimeControl "300"]
[EndTime "1:06:12 PDT"]
[Termination "friarnator won by resignation"]

1. e4 Nf6 2. e5 Nd5 3. d4 d6 4. Nf3 Bg4 5. Be2 e6 6. O-O Be7 7. c4 Nb6 8. h3 Bh5 9. Nc3 O-O 10. exd6 cxd6 11. d5 Bxf3 12. Bxf3 e5 13. b3 f5 14. Re1 Bf6 15. Bb2 N8d7 16. Nb5 Nc8 17. Rc1 a6 18. Nc3 Ne7 19. Ba3 Qb8 20. Na4 b6 21. Be2 g5 22.
Bf1 Ng6 23. Nb2 e4 24. Rc2 Re8 25. Na4 Nc5 26. Nxc5 bxc5 27. Bb2 Qd8 28. Qa1 Kf7 29. Bxf6 Qxf6 30. Qxf6+ Kxf6 31. a3 Rab8 32. Rb2 a5 33. Reb1 Rb7 34. b4 Reb8 35. b5 Rb6 36. a4 f4 37. Be2 Re8 38. f3 e3 39. Kf1 Ne7 40. Ke1 Nf5 41. Bd3 Nd4 42. Rc1 h5 43. Rc3 Rg8 44. Be4 Ke5 45. Rd3 g4 46. Rd1 gxf3 47.
Bxf3 Nxf3+ 48. gxf3 Rg1+ 49. Ke2 Rg2+ 0-1

[Event "Live Chess"]
[Site "Chess.com"]
[Date "2023.05.21"]
[Round "-"]
[White "Hacker_2009"]
[Black "EPotapov05"]
[Result "1-0"]
[WhiteElo "1910"]
[BlackElo "1390"]
[TimeControl "300"]
[EndTime "1:06:17 PDT"]
[Termination "Hacker_2009 won on time"]

1. d4 d5 2. Nf3 Nf6 3. e3 c6 4.
c4 Bf5 5. Nc3 e6 6. cxd5 exd5 7.
Bd3 Bxd3 8. Qxd3 Nbd7 9. O-O Bd6 10. b3 O-O 11. Bb2 Re8 12. Rac1 Ne4 13. Na4 Rc8 14. Nc5 Nexc5 15. dxc5 Nxc5 16. Qd4 Ne6 17. Qd2 Bf8 18. Nd4 Nxd4 19. Qxd4 a6 20. Rfd1 Re4 21. Qd3 Qb6 22.
Qe2 Rce8 23. Qf3 Qa5 24. a4 Qb6 25. Rd3 Rb4 26. Bd4 c5 27. Bc3 Rxb3 28. Rxd5 Rb1 29. Rdd1 Rxc1 30. Rxc1 Qc7 31. h3 a5 32. Qe2 b6 33. Qb5 Rd8 34. Rb1 Bd6 35. g3 Rb8 36.
Qb2 f6 37. Qb3+ Kf8 38. Qe6 Qe7 39. Qf5 Be5 40. Bxe5 Qxe5 41. Qxh7 Kf7 42. Qd3 Qe8 43. Rb5 Rd8 44. Qb3+ Qe6 45. Qxe6+ Kxe6 46. Rxb6+ Rd6 47. Rb5 Rd1+ 48. Kg2 Rc1 49. Rxa5 c4 50. Ra7 g5 51. h4 gxh4 52. gxh4 c3 53. h5 c2 54. Rc7 Ra1 55.
Rxc2 Rxa4 56. Kg3 Kf5 57. Rc5+ Ke6 58. f4 Ra7 59. Kf3 Rh7 60. Ra5 Rh6 61. e4 Kd6 62.
Kg4 Ke6 63. Rd5 Ke7 64. e5 fxe5 65. Rxe5+ Kf6 66. Ra5 Kf7 67. Ra7+ Kf8 68. Kg5 Rc6 69. f5 Rc1 70. h6 Rc6 71. h7 1-0

[Event "Live Chess"]
[Site "Chess.com"]
[Date "2023.05.21"]
[Round "-"]
[White "TKDRyan"]
[Black "whitedjohn"]
[Result "0-1"]
[WhiteElo "1137"]
[BlackElo "1639"]
[TimeControl "300"]
[EndTime "1:06:22 PDT"]
[Termination "whitedjohn won by resignation"]

1. e4 Nf6 2. Nc3 d5 3. exd5 Nxd5 4. Nxd5 Qxd5 5. Nf3 Bg4 6. Be2 Nc6 7. O-O O-O-O 8. c3 e5 9. h3 Bh5 10. Nh4 Bxe2 11.
Qxe2 g6 12. b3 f5 13. Bb2 Qxd2 14. Qxd2 Rxd2 15. Rab1 Bg7 16. c4 Rhd8 17. Nf3 Rxb2 18. Rxb2 e4 19. Re2 exf3 20. gxf3 Bf6 21. Rfe1 Nd4 22. Re3 Nc2 0-1

[Event "Live Chess"]
[Site "Chess.com"]
[Date "2023.05.21"]
[Round "-"]
[White "LGC4YOU"]
[Black "YrrriKharkiv"]
[Result "0-1"]
[WhiteElo "1185"]
[BlackElo "2079"]
[TimeControl "300"]
[EndTime "1:06:25 PDT"]
[Termination "YrrriKharkiv won by resignation"]

1. d4 Nf6 2. Nf3 c5 3. dxc5 g6 4. Bf4 Qa5+ 5. Nbd2 Bg7 6. Be3 Nc6 7. g3 Ng4 8. Bg2 Nxe3 9. fxe3 Qxc5 10. c3 Qxe3 11. Nc4 Qc5 12. Nfd2 O-O 13. e3 b5 14. Ne4 Qf5 15.
Ncd2 d5 16. Rf1 Qe5 17. Nf3 Qh5 18. Nf2 Rd8 19. Nh3 Bxh3 20. Qe2 Bxg2 21. Qxg2 b4 22. g4 Qh6 23. O-O-O Qxe3+ 24. Kb1 bxc3 25. Rfe1 Qb6 26. b3 a5 27. Rc1 a4 28. Qc2 Nb4 29. Qxc3 Bxc3 30. Rxc3 axb3 31. Rxb3 Qf2 32. Rb2 Qxf3 33.
Rxb4 Qd3+ 34. Ka1 Qc3+ 35. Rb2 Qxe1+ 36. Rb1 Qc3+ 37. Rb2 Rdb8 0-1

[Event "Live Chess"]
[Site "Chess.com"]
[Date "2023.05.21"]
[Round "-"]
[White "JohanKjeldahl"]
[Black "Tiltador"]
[Result "1-0"]
[WhiteElo "1910"]
[BlackElo "761"]
[TimeControl "300"]
[EndTime "1:06:25 PDT"]
[Termination "JohanKjeldahl won by checkmate"]

1. e4 e5 2. Nf3 d6 3. d4 f6 4. Bc4 Ne7 5. O-O c6 6. Nc3 d5 7. exd5 Nxd5 8. dxe5 fxe5 9. Nxe5 Bc5 10. Nxd5 Be6 11.
Qh5+ g6 12. Nxg6 Bxd5 13. Nxh8+ Kd7 14. Qxh7+ Kc8 15. Qf5+ Nd7 16. Bxd5 cxd5 17. Nf7 Qf8 18. Qxd5 Qg7 19. Bf4 Qxb2 20. Rab1 Qxb1 21. Rxb1 Rb8 22. Bxb8 Kxb8 23. Qxb7# 1-0

[Event "Live Chess"]
[Site "Chess.com"]
[Date "2023.05.21"]
[Round "-"]
[White "Leonid_Starozhilov"]
[Black "BritishIsles"]
[Result "1-0"]
[WhiteElo "2660"]
[BlackElo "2414"]
[TimeControl "300"]
[EndTime "1:06:26 PDT"]
[Termination "Leonid_Starozhilov won by resignation"]

1. e4 d6 2. d4 Nf6 3. Nc3 g6 4. f4 Bg7 5. Nf3 c5 6. e5 Nfd7 7. e6 fxe6 8. Ng5 Nf6 9. Bb5+ Nc6 10. dxc5 O-O 11. cxd6 exd6 12. O-O h6 13. Nf3 a6 14. Bd3 Nb4 15. Bxg6 1-0

[Event "Live Chess"]
[Site "Chess.com"]
[Date "2023.05.21"]
[Round "-"]
[White "Missedidea"]
[Black "Salpingidis"]
[Result "0-1"]
[WhiteElo "1835"]
[BlackElo "2224"]
[TimeControl "300"]
[EndTime "1:06:53 PDT"]
[Termination "Salpingidis won by resignation"]

1. d4 e6 2. c4 Nf6 3. Nc3 d5 4. Bg5 Be7 5. e3 h6 6. Bh4 O-O 7. Nf3 b6 8. cxd5 Nxd5 9. Bd3 Bxh4 10. Nxh4 Qxh4 11. O-O Bb7 12. Ne4 Nd7 13. Ng3 N7f6 14. a3 Rad8 15. h3 Nxe3 16. fxe3 Qxg3 17. Qc2 Qxe3+ 18. Kh2 Qxd4 19. Rad1 Qe5+ 20. Kh1 Qg3 0-1

[Event "Live Chess"]
[Site "Chess.com"]
[Date "2023.05.21"]
[Round "-"]
[White "mach247"]
[Black "JuperLuper"]
[Result "0-1"]
[WhiteElo "1326"]
[BlackElo "1207"]
[TimeControl "300"]
[EndTime "1:06:54 PDT"]
[Termination "JuperLuper won by resignation"]

1. e4 d5 2. exd5 Nf6 3. Nc3 Nxd5 4. Nxd5 Qxd5 5. Nf3 Nc6 6. Be2 e5 7. d3 Bc5 8. O-O O-O 9. Be3 Bxe3 10. fxe3 Be6 11. c4 Qd8 12. Nd2 f6 13. Ne4 Re8 14. Bg4 Qe7 15.
Qf3 Bxg4 16. Qxg4 Rf8 17. Qh3 Rad8 18. Rad1 Nb4 19. Nf2 Nxa2 20. d4 exd4 21. exd4 Nb4 22. Rfe1 Qf7 23. Ne4 Qxc4 24. Nc5 Rxd4 25. Ne6 Rxd1 26.
Qg3 Rxe1+ 27. Qxe1 0-1

[Event "Live Chess"]
[Site "Chess.com"]
[Date "2023.05.21"]
[Round "-"]
[White "CheckThis4"]
[Black "Biranidun"]
[Result "0-1"]
[WhiteElo "2485"]
[BlackElo "2542"]
[TimeControl "300"]
[EndTime "1:06:55 PDT"]
[Termination "Biranidun won by resignation"]

1. d4 g6 2. e4 Bg7 3. Nc3 d6 4. Be3 a6 5. Qd2 b5 6. f3 Nd7 7. h4 h6 8. Nh3 Bb7 9. g4 c5 10. Ne2 cxd4 11. Nxd4 Rc8 12. Be2 Ngf6 13. O-O-O Qc7 14. Kb1 Ne5 15. Nf4 Nfd7 16. h5 g5 17.
Nd5 Bxd5 18. exd5 Nb6 19. Nf5 Bf6 20. b3 Nxd5 21. Bd4 Nf4 22. Rh2 d5 23. c3 e6 24. Ne3 Nd7 25. Bxf6 Nxf6 26. Rc1 O-O 27. Bd1 Rfd8 28. Rf2 d4 29. cxd4 Qxc1+ 30. Qxc1 Rxc1+ 31. Kxc1 Nd3+ 0-1

[Event "Live Chess"]
[Site "Chess.com"]
[Date "2023.05.21"]
[Round "-"]
[White "LiamClery2020"]
[Black "MarkLim1"]
[Result "1-0"]
[WhiteElo "2026"]
[BlackElo "1693"]
[TimeControl "300"]
[EndTime "1:07:24 PDT"]
[Termination "LiamClery2020 won by resignation"]

1. e4 e6 2. d4 d5 3. Nd2 c5 4. c3 cxd4 5. cxd4 dxe4 6. Nxe4 Bb4+ 7. Bd2 Bxd2+ 8. Qxd2 Nc6 9. Nf3 Nf6 10. Nxf6+ Qxf6 11. Bb5 Bd7 12. O-O O-O 13. Rac1 Rfd8 14. Qe3 a6 15.
Bxc6 Bxc6 16. Ne5 Bd5 17. Rc7 Rac8 18. Rxf7 Qh6 19. Qa3 Qg5 20. f3 Rc2 21. g3 Qd2 22.
Rxg7+ Kh8 23. Rxh7+ Kxh7 24. Qe7+ Kh6 25. Qf6+ Kh7 26.
Qg6+ 1-0

[Event "Live Chess"]
[Site "Chess.com"]
[Date "2023.05.21"]
[Round "-"]
[White "HoarseyHorsey"]
[Black "MJMykh"]
[Result "1-0"]
[WhiteElo "1467"]
[BlackElo "1110"]
[TimeControl "300"]
[EndTime "1:07:26 PDT"]
[Termination "HoarseyHorsey won by checkmate"]

1. d4 d5 2. c4 dxc4 3. e4 Nc6 4. Nf3 Nf6 5. e5 Ng8 6. Bxc4 h6 7. Nc3 e6 8. O-O Bb4 9. a3 Bxc3 10. bxc3 Bd7 11. Rb1 Rb8 12. Qd3 Nge7 13. Rd1 O-O 14. Bf4 Na5 15. Bb5 Bxb5 16. Qxb5 b6 17. Qd3 Nd5 18.
Bd2 Qe7 19. c4 Nxc4 20. Qxc4 Qxa3 21. Ra1 Qe7 22. Rxa7 Rfc8 23. Rda1 Kh7 24. h3 f6 25.
Qd3+ g6 26. exf6 Qxf6 27. Ne5 Qg7 28. Qc2 Rf8 29. Nd7 Qxd7 30. Qe4 Nf6 31. Qe5 Rbc8 32.
Rc1 Nd5 33. Bb4 Nxb4 34. Rcxc7 Rxc7 35. Rxc7 Qxc7 36. Qxc7+ Kg8 37. Qxb6 Nd3 38. Qxe6+ Kh8 39. f3 Nf4 40. Qe5+ Kh7 41. Kh2 g5 42. d5 Kg6 43.
d6 Rd8 44. Qe7 Rh8 45. d7 Nh5 46. d8=Q Rxd8 47. Qxd8 Nf4 48. Qd6+ Kh5 49. g3 Ng6 50. Qd3 Ne5 51. Qe4 Nf7 52. g4+ Kh4 53. Qe1# 1-0

[Event "Live Chess"]
[Site "Chess.com"]
[Date "2023.05.21"]
[Round "-"]
[White "Tema1107"]
[Black "raminguy"]
[Result "0-1"]
[WhiteElo "1953"]
[BlackElo "1952"]
[TimeControl "300"]
[EndTime "1:07:39 PDT"]
[Termination "raminguy won by resignation"]

1. c4 d6 2. Nc3 c5 3. Nf3 Nf6 4.
d4 cxd4 5. Nxd4 e5 6. Nc2 Be7 7.
g3 O-O 8. Bg2 Nc6 9. b3 Bf5 10.
O-O Qc8 11. Bb2 Rd8 12. Ne3 Bh3 13. Ncd5 Nxd5 14. Nxd5 Bf8 15. Rc1 Bxg2 16. Kxg2 a5 17. a3 Qf5 18. f3 e4 19. b4 axb4 20. axb4 Ra2 21. Qb3 Rda8 22. b5 Ne5 23. Ra1 exf3+ 24. exf3 Rxa1 25. Rxa1 Rxa1 26. Bxa1 Nd3 27. Qc3 Ne5 28.
g4 Qb1 29. f4 Nxg4 30. Ne7+ Kh8 31. Nd5 Qe4+ 32. Kg3 Nh6 33. Kf2 Qh1 34. Qg3 Qxa1 0-1

[Event "Live Chess"]
[Site "Chess.com"]
[Date "2023.05.21"]
[Round "-"]
[White "Ocelot32"]
[Black "wadsy27"]
[Result "0-1"]
[WhiteElo "1385"]
[BlackElo "2573"]
[TimeControl "300"]
[EndTime "1:07:45 PDT"]
[Termination "wadsy27 won by resignation"]

1. e4 e6 2. d4 d5 3. exd5 exd5 4. Bd3 Nc6 5. Nf3 Nb4 6. O-O Nxd3 7. Qxd3 Nf6 8. Re1+ Be7 9. c3 O-O 10. Bf4 c6 11. Nbd2 h6 12. Re2 Bg4 13. Rae1 Bd6 14.
Bxd6 Qxd6 15. Re7 b6 16. c4 Bxf3 17. Qxf3 Ne4 18. Rb7 Nxd2 19. Qe3 Nxc4 20. Qf3 Qg6 21.
Ree7 Qb1+ 0-1

[Event "Live Chess"]
[Site "Chess.com"]
[Date "2023.05.21"]
[Round "-"]
[White "JoshMcK"]
[Black "Ian-Morley"]
[Result "1-0"]
[WhiteElo "1539"]
[BlackElo "1042"]
[TimeControl "300"]
[EndTime "1:07:46 PDT"]
[Termination "JoshMcK won by resignation"]

1. e4 d5 2. exd5 Qxd5 3. Nc3 Qd8 4. d4 Nf6 5. Nf3 Bf5 6. Bc4 e6 7. O-O Nd5 8. Re1 Nxc3 9. bxc3 Bd6 10. d5 O-O 11.
dxe6 Bxe6 12. Bxe6 fxe6 13. Bg5 Be7 14. Qxd8 Bxd8 15.
Bxd8 Rxd8 16. Rxe6 Nc6 17. h3 Re8 18. Rxe8+ Rxe8 19. Rb1 b6 20. Nd4 Nxd4 21. cxd4 Re2 22. Rc1 Rd2 23. Kf1 Rxd4 24. Ke2 Kf7 25. Ke3 Rd7 26. c4 Ke6 27. c5 Rd5 28. cxb6 cxb6 29. Rc7 Ra5 30. Rxg7 Rxa2 31. Rxh7 a5 32. Rh6+ Ke5 33.
Rxb6 Ra3+ 34. Ke2 Ra2+ 35. Kf3 Ra3+ 36. Kg4 Ra4+ 37. Kg3 Ra3+ 38. f3 Kd5 39. h4 Kc5 40. Rb8 a4 41. h5 Re3 42. h6 Re7 43. Ra8 Kb4 44. Rh8 a3 45. h7 Rb7 46. Kf2 a2 47. Ra8 Rxh7 48. Rxa2 Kc3 49. Ra6 Kd3 50. g4 Rh2+ 51.
Kg3 Rh1 52. f4 Ke3 53. Ra3+ Ke4 54. Ra4+ Ke3 55. g5 Rg1+ 56. Kh4 Rh1+ 57. Kg4 Rg1+ 58. Kf5 Kf3 59. Kf6 Kg4 60. f5+ Kh5 61. g6 Rb1 62.
Ra7 Rb6+ 63. Kg7 Rb8 64. f6 Kg5 65. f7 Kh5 66. f8=Q Rxf8 67. Kxf8 Kh6 68. g7 Kh5 69. g8=Q 1-0

[Event "Live Chess"]
[Site "Chess.com"]
[Date "2023.05.21"]
[Round "-"]
[White "ChessClubLive"]
[Black "JoeyCage"]
[Result "0-1"]
[WhiteElo "1761"]
[BlackElo "2305"]
[TimeControl "300"]
[EndTime "1:07:57 PDT"]
[Termination "JoeyCage won by resignation"]

1. e4 c5 2. Nf3 Nc6 3. d4 cxd4 4.
c3 dxc3 5. Nxc3 e6 6. Bc4 a6 7. O-O Qc7 8. Qe2 d6 9. Rd1 Be7 10. Be3 b5 11. Bb3 Bd7 12. Rac1 Qb8 13. Qd2 Nf6 14. e5 Nxe5 15. Nxe5 dxe5 16. Bg5 Ra7 17.
Be3 Rb7 18. Ne2 O-O 19. Ng3 Rc8 20. Bc2 Nd5 21. Qd3 g6 22. Bh6 Nb4 23. Qxd7 Rxd7 24.
Rxd7 Nxc2 25. Rxe7 Nd4 26. Rxc8+ Qxc8 27. h3 Nc6 0-1

[Event "Live Chess"]
[Site "Chess.com"]
[Date "2023.05.21"]
[Round "-"]
[White "horsechessnut"]
[Black "Ferrarifan27"]
[Result "0-1"]
[WhiteElo "1466"]
[BlackElo "2075"]
[TimeControl "300"]
[EndTime "1:08:02 PDT"]
[Termination "Ferrarifan27 won by checkmate"]

1. d4 Nf6 2. Bf4 c5 3. e3 Qb6 4. b3 cxd4 5. exd4 d5 6. Nc3 Nc6 7. Nb5 e5 8. dxe5 Ne4 9. e6 Bb4+ 10. Qd2 Bxd2+ 11. Kd1 Bxf4 12. exf7+ Kxf7 13. Nf3 Nxf2+ 14. Ke1 Nxh1 15. Ng5+ Bxg5 16. Nd6+ Kg6 17. Bd3+ Kh6 18. Kd1 Qg1+ 19. Ke2 Bg4# 0-1

[Event "Live Chess"]
[Site "Chess.com"]
[Date "2023.05.21"]
[Round "-"]
[White "OceanFloater"]
[Black "OleksiyJr1"]
[Result "0-1"]
[WhiteElo "1010"]
[BlackElo "981"]
[TimeControl "300"]
[EndTime "1:08:15 PDT"]
[Termination "OleksiyJr1 won by checkmate"]

1. e4 c5 2. Nf3 Nc6 3. Bc4 d6 4. a3 e5 5. b4 b6 6. bxc5 bxc5 7.
Bb5 Bb7 8. Nc3 Nf6 9. Nd5 a6 10. Ba4 Be7 11. O-O O-O 12. c3 Nxe4 13. Nxe7+ Qxe7 14. Re1 Nf6 15. Bb2 Nd8 16. d4 cxd4 17. cxd4 Bc6 18.
Bb3 Bxf3 19. Qxf3 Rb8 20. dxe5 dxe5 21. Rxe5 Ne6 22. h3 Rb6 23. Qe3 Rfb8 24. Bxe6 fxe6 25. Bd4 Rb3 26. Qe2 R3b6 27. Bxb6 Rxb6 28. a4 Nd5 29. a5 Rc6 30. Qxa6 Rxa6 31. Kh2 Qd6 32. f4 Nxf4 33. Ree1 Nd3+ 34. Kg1 Nxe1 35.
Rxe1 Qd4+ 36. Kh1 Rxa5 37. Kh2 Qf4+ 38. Kh1 Re5 39. Rb1 Qg3 40. Kg1 Re1+ 41. Rxe1 Qxe1+ 42. Kh2 Qa1 43. h4 e5 44. Kg3 e4 45. Kf2 Qd4+ 46.
Ke2 e3 47. g3 Qd2+ 48. Kf3 e2 49. Kf2 e1=Q+ 50. Kf3 Qee3+ 51. Kg4 Qdd4+ 52. Kh3 Qg1 53. h5 Qh1# 0-1

[Event "Live Chess"]
[Site "Chess.com"]
[Date "2023.05.21"]
[Round "-"]
[White "Tushinskiy"]
[Black "Long1968"]
[Result "1-0"]
[WhiteElo "2188"]
[BlackElo "1005"]
[TimeControl "300"]
[EndTime "1:08:27 PDT"]
[Termination "Tushinskiy won by resignation"]

1. d4 e6 2. c3 d5 3. Nf3 c5 4.
Bf4 Nc6 5. e3 Bd7 6. Bd3 Qb6 7.
Qc1 cxd4 8. exd4 Rc8 9. Nbd2 Nf6 10. O-O e5 11. Bxe5 Ng4 12. Bg3 Nb4 13. Re1+ Be7 14. Bb1 Qf6 15. Bh4 Qxh4 16. Nxh4 Kd8 17. Nf5 Bxf5 18. Bxf5 Nf6 19. Bxc8 Nd3 20. Qc2 Nxe1 21. Rxe1 Re8 22. Bxb7 Ne4 23. Nxe4 Bf6 24. Bxd5 1-0